Map: Emerald City LE

Players

OpuS - Winner!

  • Race: Protoss Protoss
  • League: Diamond
  • Spawn Location: 11:00

Sketchaphone - Winner!

  • Race: Zerg Zerg
  • League: Platinum
  • Spawn Location: 11:00

zeus

  • Race: Protoss Protoss
  • League: Diamond
  • Spawn Location: 5:00

Kharma

  • Race: Protoss Protoss
  • League: Diamond
  • Spawn Location: 5:00

VOD

Have the link to the VOD?

Description

Time

  • Played on: March 3, 2019, 10:22 p.m.
  • Length: 6:58
Show
View Real Time Build Order
Export as new Build Order

OpuS Protoss - Winner!

Build Orders: Oracle Opening 

Get SALT Encoding   

  12  0:01  Probe  
  13  0:13  Probe  
  14  0:19  Pylon  
  14  0:25  Probe  
  15  0:36  Probe  
  15  0:38  Gateway  
  16  0:44  Probe  
  17  0:52  Probe  
  17  0:53  Assimilator  
  18  1:00  Assimilator  
  18  1:03  Probe  
  19  1:15  Gateway  
  19  1:16  Probe  
  20  1:25  Cybernetics Core  
  20  1:28  Probe  
  21  1:41  Probe  
  21  1:45  Pylon  
  22  1:49  Pylon  
  22  1:57  Warp Gate  
  22  2:03  Stalker  
  22  2:04  Stalker  
  26  2:10  Probe  
  28  2:22  Probe  
  28  2:32  Shield Battery  
  28  2:35  Stalker  
  29  2:38  Stalker  
  31  2:54  Pylon  
  31  3:06  Stargate  
  31  3:35  Nexus  
  31  3:38  Pylon  
  31  3:46  Stalker x2  
  35  3:55  Oracle  
  36  4:33  Probe  
  36  4:34  Stalker  
  36  4:35  Stalker  
  36  4:38  Void Ray  
  45  4:45  Probe  
  40  5:01  Twilight Council  
  40  5:12  Void Ray  
  40  5:13  Probe x2  
  46  5:22  Pylon  
  46  5:23  Stalker  
  46  5:27  Probe x2  
  50  5:39  Probe x2  
  52  5:47  Pylon  
  52  5:51  Probe x2  
  54  6:00  Gateway  
  54  6:03  Probe x2  
  54  6:36  Stalker x2  
  54  6:37  Probe x2  
  58  6:42  Gateway  
Show
View Real Time Build Order
Export as new Build Order

Sketchaphone Zerg - Winner!

Build Orders: Hatch First 

Get SALT Encoding   

  12  0:02  Drone  
  13  0:12  Overlord  
  13  0:22  Drone  
  13  0:24  Extractor  
  13  0:25  Drone  
  15  0:30  Drone  
  16  0:35  Drone  
  17  0:59  Hatchery  
  17  1:03  Drone  
  17  1:04  Drone  
  18  1:06  Extractor  
  17  1:20  Spawning Pool, Drone  
  17  1:24  Drone  
  18  1:31  Drone  
  19  1:39  Overlord  
  19  1:50  Drone  
  20  2:08  Metabolic Boost  
  20  2:10  Hatchery  
  19  2:18  Drone  
  19  2:19  Zergling x2  
  21  2:26  Queen  
  23  2:31  Zergling x2  
  23  2:36  Drone  
  25  2:39  Drone  
  25  2:43  Zergling x2  
  27  2:48  Spine Crawler  
  26  2:54  Zergling x4  
  28  3:08  Drone x2  
  28  3:09  Drone x3  
  33  3:17  Drone  
  31  3:22  Queen  
  33  3:33  Evolution Chamber, Drone  
  33  3:47  Overlord  
  33  3:49  Queen  
  33  3:51  Zergling x2  
  33  3:52  Zergling x2  
  33  3:55  Drone  
  37  4:13  Drone  
  37  4:14  Drone x2  
  40  4:26  Extractor x2  
  40  4:29  Overlord  
  38  4:32  Lair, Zergling x4  
  38  4:33  Zergling x14  
  38  4:35  Zerg Melee Weapons Level 1  
  44  4:48  Drone x2  
  44  4:49  Drone  
  47  5:12  Zergling x20  
  57  5:16  Overlord x2  
  57  5:23  Evolution Chamber, Roach Warren, Drone  
  56  5:28  Drone  
  57  5:36  Drone  
  57  5:37  Drone x5  
  63  5:49  Infestation Pit  
  62  5:54  Overlord  
  60  6:13  Drone x5  
  62  6:22  Zergling x2, Drone x2  
  62  6:23  Drone x2  
  61  6:33  Drone x6  
  62  6:44  Spore Crawler  
Show
View Real Time Build Order
Export as new Build Order

zeus Protoss 

Build Orders:  

Get SALT Encoding   

  12  0:04  Probe  
  13  0:16  Probe  
  13  0:18  Pylon  
  14  0:29  Probe  
  15  0:38  Gateway  
  15  0:41  Probe  
  16  0:48  Assimilator  
  16  0:54  Probe  
  17  1:03  Gateway  
  17  1:09  Pylon  
  17  1:10  Probe  
  18  1:22  Probe  
  19  1:28  Cybernetics Core  
  19  1:34  Probe  
  20  1:50  Probe  
  21  1:55  Adept  
  21  1:56  Adept  
  21  1:58  Warp Gate  
  25  2:21  Nexus  
  25  2:33  Twilight Council  
  25  2:36  Assimilator  
  25  2:39  Probe  
  26  2:47  Pylon  
  26  2:53  Probe  
  28  3:05  Probe  
  28  3:15  Charge  
  26  3:21  Probe  
  25  3:28  Robotics Facility  
  25  3:31  Gateway  
  25  3:33  Probe x2  
  27  3:45  Pylon, Probe x2  
  29  3:57  Probe  
  30  4:05  Stalker x2  
  34  4:11  Shield Battery x2  
  34  4:30  Zealot  
  34  4:31  Zealot  
  34  4:54  Probe  
  34  4:56  Probe  
  34  5:06  Probe  
  35  5:08  Probe  
  35  5:11  Gateway  
  35  5:13  Warp Prism  
  36  5:15  Gateway  
  36  5:16  Gateway  
  36  5:17  Pylon  
  36  5:18  Probe  
  36  5:20  Probe  
  40  5:30  Probe  
  40  5:31  Zealot x2  
  45  5:40  Probe  
  46  5:44  Pylon  
  46  5:47  Probe  
  47  5:56  Probe  
  48  6:04  Stalker x3  
  51  6:12  Zealot x3  
  34  6:27  Zealot x2  
  34  6:29  Zealot  
Show
View Real Time Build Order
Export as new Build Order

Kharma Protoss 

Build Orders:  

Get SALT Encoding   

  12  0:01  Probe  
  13  0:13  Probe  
  14  0:19  Pylon  
  14  0:25  Probe  
  15  0:35  Probe  
  15  0:40  Gateway  
  16  0:43  Probe  
  17  0:51  Assimilator  
  17  0:52  Probe  
  18  1:00  Assimilator  
  19  1:04  Probe  
  19  1:13  Gateway  
  19  1:16  Probe  
  20  1:28  Probe  
  20  1:31  Cybernetics Core  
  21  1:40  Probe  
  21  1:45  Pylon  
  22  1:52  Probe  
  23  2:09  Gateway  
  23  2:10  Gateway  
  25  2:16  Warp Gate  
  25  2:20  Stalker  
  25  2:22  Stalker  
  27  2:35  Pylon  
  27  2:59  Nexus  
  27  3:05  Pylon  
  27  3:10  Stalker  
  27  3:12  Forge  
  29  3:29  Stalker  
  31  3:38  Stalker  
  33  3:47  Photon Cannon  
  33  3:54  Pylon  
  33  3:55  Probe  
  32  4:03  Photon Cannon  
  32  4:06  Stalker  
  25  4:17  Stalker  
  27  4:30  Adept x2  
  29  4:36  Probe x2  
  29  4:48  Probe x2  
  29  4:50  Stalker  
  33  4:58  Probe  
  33  5:00  Probe  
  33  5:06  Probe  
  35  5:11  Twilight Council  
  35  5:12  Probe  
  37  5:14  Probe  
  38  5:24  Photon Cannon, Probe  
  38  5:28  Probe  
  40  5:37  Probe  
  40  5:40  Probe  
  42  5:46  Robotics Facility  
  42  5:49  Probe  
  43  5:52  Pylon, Probe  
  44  6:01  Adept x2, Probe  
  49  6:04  Probe  
  49  6:07  Stalker x2  
  53  6:13  Probe  
  54  6:22  Stalker x2  
  50  6:33  Stalker  
  50  6:34  Stalker  
  52  6:41  Probe x2  
  52  6:49  Assimilator  
  52  6:50  Assimilator  
  52  6:51  Adept x2  
Tags
 
Add a new tag
Caveats
  • Supply blocks, unpowered buildings, or Contaminate may cause inaccurate times.
  • Supply counts are checked every 10 seconds.